 Dungeon Crawl Stone Soup version 0.29.0-7-g18a832c13a (webtiles) character file.

Game seed: 10358046196846215050

9555 ketsa the Destroyer (level 11, 0/54 HPs)
             Began as a Deep Elf Conjurer on Aug 31, 2022.
             Was a Priest of Vehumet.
             Slain by a four-headed hydra (3 damage)
             ... on level 2 of the Lair of Beasts.
             The game lasted 01:02:48 (13759 turns).

ketsa the Destroyer (Deep Elf Conjurer)            Turns: 13759, Time: 01:02:48

Health: 0/54       AC:  6    Str:  4    XL:     11   Next: 24%
Magic:  21/28      EV: 15    Int: 28    God:    Vehumet [***...]
Gold:   624        SH:  0    Dex: 13    Spells: 15/32 levels left

rFire   . . .      SeeInvis +   P - +2 scimitar (flame)
rCold   . . .      Faith    .   (no shield)
rNeg    . . .      Spirit   .   E - +2 robe {Will+}
rPois   .          Reflect  .   h - +1 hat
rElec   .          Harm     .   (no cloak)
rCorr   .          Rampage  .   T - +0 pair of gloves
Will    ++...                   (no boots)
Stlth   ++++......              (no amulet)
HPRegen 0.18/turn               e - ring of see invisible
MPRegen 0.21/turn               n - ring of wizardry

@: no status effects
A: no striking features
a: Renounce Religion


You were on level 2 of the Lair of Beasts.
You worshipped Vehumet.
Vehumet was most pleased with you.
You visited 3 branches of the dungeon, and saw 13 of its levels.

You collected 720 gold pieces.
You spent 96 gold pieces at shops.

Inventory:

Hand Weapons
 j - a +0 dagger
 s - a +3 mace
 A - a +1 whip of venom
 P - a +2 scimitar of flaming (weapon)
Missiles
 i - 13 boomerangs
 k - 10 poisoned darts
 o - 4 atropa-tipped darts
 y - 6 datura-tipped darts
 F - a throwing net
Armour
 a - a +0 robe
 h - a +1 hat (worn)
 u - a +0 robe
 E - a +2 robe of willpower (worn)
 L - +0 steam dragon scales
 M - a +0 helmet
 R - the +8 scale mail of Isas Vyo {rC++ Int+2}
   (You found it on level 9 of the Dungeon)

   Int:       It affects your intelligence (+2).
   rC:        It greatly protects you from cold.
 T - a +0 pair of gloves (worn)
Jewellery
 e - a ring of see invisible (left hand)
 n - a ring of wizardry (right hand)
 v - a +6 ring of strength
 B - a ring of willpower
 K - an amulet of guardian spirit
 N - a ring of flight
Wands
 r - a wand of iceblast (6)
 C - a wand of flame (43)
 I - a wand of acid (8)
Scrolls
 c - a scroll of enchant armour
 t - 3 scrolls of immolation
 w - 2 scrolls of fog
 O - a scroll of brand weapon {unknown}
 Q - 2 scrolls of teleportation
 U - a scroll of magic mapping {unknown}
 V - a scroll of blinking {unknown}
Potions
 b - a potion of magic
 d - 3 potions of mutation
 f - 6 potions of heal wounds
 g - 4 potions of lignification
 l - 5 potions of curing
 m - 2 potions of flight
 q - 3 potions of ambrosia
 x - 3 potions of haste
 z - a potion of might
 D - a potion of brilliance
 H - a potion of cancellation
 J - 3 potions of attraction
Miscellaneous
 S - a phial of floods (inert)


   Skills:
 + Level 7.7 Dodging
 + Level 8.4 Stealth
 + Level 11.0 Spellcasting
 * Level 12.6 Conjurations
 - Level 5.1 Hexes
 - Level 5.7 Translocations
 + Level 2.9 Earth Magic


You had 15 spell levels left.
You knew the following spells:

 Your Spells              Type           Power      Damage    Failure   Level
a - Magic Dart            Conj           100%       1d8       0%          1
b - Searing Ray           Conj           100%       2d8       1%          2
c - Dazzling Flash        Conj/Hex       100%       N/A       1%          3
d - Fulminant Prism       Conj/Hex       30%        3d16      1%          4
e - Iskenderun's Mystic   Conj/Tloc      61%        2d13      1%          4
f - Stone Arrow           Conj/Erth      100%       3d13      1%          3

Your spell library contained the following spells:

 Spells                   Type           Power      Damage    Failure   Level
 Sticky Flame             Conj/Fire      50%        2d7       1%          4
 Beastly Appendage        Tmut           30%        N/A       1%          1
 Irradiate                Conj/Tmut      25%        3d20      1%          5
 Wereblood                Tmut           15%        N/A       2%          2
 Spider Form              Tmut/Pois      15%        N/A       4%          3
 Blade Hands              Tmut           7%         N/A       36%         5
 Dragon Form              Tmut           7%         N/A       100%        7


Dungeon Overview and Level Annotations

Branches:
Dungeon (10/15)            Temple (1/1) D:4            Lair (2/5) D:8
    Orc (0/2) D:9
  Swamp: Lair:2-3    Shoals: Lair:2-3     Snake: Lair:2-3    Spider: Lair:2-3

Altars:
Ashenzari
Cheibriados
Dithmenos
Elyvilon
Fedhas
Gozag
Hepliaklqana
Kikubaaqudgha
Makhleb
Nemelex Xobeh
Okawaru
Qazlal
Ru
Sif Muna
Trog
Uskayaw
Vehumet
Wu Jian
Xom
Yredelemnul
Zin
The Shining One

Shops:
D:5 !

Annotations:
D:9 exclusion: downstairs
Lair:1 exclusions: downstairs and rime drake


Message History

The four-headed hydra bites you! The four-headed hydra bites you.
Okay, then.
Okay, then.
Okay, then.
Casting: Iskenderun's Mystic Blast (safe; 1% risk of failure)
Confirm with . or Enter, or press ? or * to list all spells.
Okay, then.
Aim the phial where?
Press: ? - help, Shift-Dir - straight line, f - four-headed hydra
Aim: a four-headed hydra (moderately wounded)
The torrent of water hits the four-headed hydra!
The four-headed hydra is heavily wounded.
The wave splashes down.
Splash!
You fall into the shallow water.
Moving in this stuff is going to be slow.
The four-headed hydra completely misses you.
The four-headed hydra bites you.
* * * LOW HITPOINT WARNING * * *
The four-headed hydra barely misses you.
The four-headed hydra closely misses you.
The four-headed hydra bites you but does no damage.
The four-headed hydra misses you. The four-headed hydra bites you.
* * * LOW HITPOINT WARNING * * *
The four-headed hydra bites you!
* * * LOW HITPOINT WARNING * * *
The air fills with toxic fumes!
As you read the scroll labelled OSUCLA ITRIBO, it crumbles to dust.
It was a scroll of poison.
The four-headed hydra bites you but does no damage. x2
The four-headed hydra closely misses you.
The four-headed hydra bites you.
* * * LOW HITPOINT WARNING * * *
As you read the scroll labelled IKIBUI XUAXEP, it crumbles to dust.
You hear a loud clanging noise!
It was a scroll of noise.
The four-headed hydra barely misses you.
The four-headed hydra bites you but does no damage.
The four-headed hydra bites you.
You die...

..#.........P#
##§§§§§§§§§## #.§§§§§§§§§#
##§§§§§§§§§# +§§§§§§§§§##
#..§§§§§§§.# .
####)§§P§### .#
#####§#§§§# .##
#.##.#§§@## +#.#
####..##§+##D##
=..###......'.........~§##
...'.##..........§#
...###P.....$....§# ...#
##..........§§. .###
#...P##.###§## ##
#######.# ###


You could see a four-headed hydra.

Vanquished Creatures
  Gastronok (D:8)
  Erica (D:8)
  A black mamba (Lair:1)
  2 kobold demonologists
  2 cane toads
  2 komodo dragons
  A hornet (D:7)
  A shadow (D:9)
  A wyvern (D:8)
  A basilisk (D:8)
  A wraith (D:9)
  6 yaks (D:7)
  2 steam dragons
  A two-headed ogre zombie (D:9)
  An acid dragon (D:8)
  3 water moccasins
  2 ice beasts
  4 black bears
  An orc warrior (D:8)
  An ogre (D:5)
  3 wolves (D:8)
  A phantom (D:9)
  Blork the orc (D:5)
  2 kobold brigands
  2 necrophages
  A gnoll sergeant (D:6)
  4 scorpions
  3 wyvern zombies (D:7)
  5 killer bees (D:9)
  2 troll zombies (D:9)
  4 howler monkeys (D:9)
  4 hounds
  A gnoll bouda (D:7)
  3 centaur zombies (D:7)
  7 orc priests
  2 jellies
  4 iguanas
  Ijyb (D:5)
  Natasha (thrice) (D:2)
  4 orc wizards
  A killer bee zombie (D:7)
  5 ogre zombies (D:9)
  7 adders
  8 gnolls
  2 shadow imps
  2 white imps
  An ufetubus (D:4)
  3 worms
  4 dart slugs
  22 orcs
  5 endoplasms
  7 giant cockroaches
  6 hobgoblins
  4 ball pythons
  4 bats (D:1)
  6 frilled lizards
  9 goblins
  A goblin skeleton (D:9)
  3 goblin zombies (D:9)
  A hobgoblin skeleton (D:9)
  2 hobgoblin zombies (D:9)
  7 kobolds
  3 orc skeletons (D:9)
  13 orc zombies (D:9)
  7 rats
225 creatures vanquished.

Vanquished Creatures (others)
  86 fulminant prisms
  2 fungi
  17 plants
105 creatures vanquished.

Grand Total: 330 creatures vanquished

Notes
Turn   | Place    | Note
-------+----------+-------------------------------------------
     0 | D:1      | ketsa the Deep Elf Conjurer began the quest for the Orb.
     0 | D:1      | Reached XP level 1. HP: 10/10 MP: 6/6
   237 | D:1      | Reached XP level 2. HP: 15/15 MP: 1/8
   240 | D:1      | Learned a level 2 spell: Searing Ray
   571 | D:1      | Found a faded altar of an unknown god.
   764 | D:1      | Reached skill level 5 in Conjurations
   764 | D:1      | Reached XP level 3. HP: 19/19 MP: 8/10
  1220 | D:2      | Noticed Natasha
  1233 | D:2      | Killed Natasha
  1234 | D:2      | Reached skill level 1 in Hexes
  1324 | D:2      | Reached XP level 4. HP: 19/24 MP: 6/12
  1652 | D:2      | Noticed Natasha
  1654 | D:2      | Killed Natasha
  1780 | D:2      | Noticed Natasha
  1784 | D:2      | Killed Natasha
  1785 | D:2      | Reached skill level 5 in Spellcasting
  2052 | D:2      | Learned a level 3 spell: Dazzling Flash
  2209 | D:3      | Found a broken altar of Ashenzari.
  2215 | D:3      | Reached XP level 5. HP: 28/28 MP: 11/14
  2639 | D:3      | Reached skill level 6 in Conjurations
  3027 | D:4      | Reached XP level 6. HP: 32/32 MP: 11/16
  3157 | D:4      | Found a staircase to the Ecumenical Temple.
  3165 | Temple   | Entered the Ecumenical Temple
  3304 | Temple   | Became a worshipper of Vehumet
  3931 | D:4      | Reached skill level 7 in Conjurations
  4398 | D:5      | Entered Level 5 of the Dungeon
  4404 | D:5      | Reached XP level 7. HP: 36/36 MP: 12/18
  4409 | D:5      | Learned a level 4 spell: Fulminant Prism
  4422 | D:5      | Reached * piety under Vehumet
  4422 | D:5      | Offered knowledge of Sandblast by Vehumet.
  4521 | D:5      | Noticed Blork the orc
  4527 | D:5      | Killed Blork the orc
  4799 | D:5      | Reached skill level 8 in Conjurations
  4799 | D:5      | Reached skill level 5 in Hexes
  4804 | D:5      | Learned a level 4 spell: Iskenderun's Mystic Blast
  4861 | D:5      | Found an ancient bone altar of Kikubaaqudgha.
  4871 | D:5      | Identified the +1 ring mail of the Ecumenical Temple
                  | {Str+2}
  4877 | D:5      | Noticed Ijyb
  4880 | D:5      | Killed Ijyb
  5137 | D:5      | Found Umonauch's Distillery.
  5140 | D:5      | Bought a potion of curing for 36 gold pieces
  5140 | D:5      | Bought a potion of heal wounds for 60 gold pieces
  5154 | D:5      | Reached skill level 1 in Translocations
  5154 | D:5      | Reached XP level 8. HP: 41/41 MP: 14/20
  5286 | D:6      | Found an ornate altar of the Wu Jian Council.
  5891 | D:6      | Reached skill level 9 in Conjurations
  6096 | D:7      | Noticed a hornet
  6101 | D:7      | Paralysed by a hornet for 3 turns
  6102 | D:7      | Killed a hornet
  6111 | D:7      | HP: 2/41 [white imp/puff of frost (3)]
  6494 | D:7      | Noticed a kobold demonologist
  6502 | D:7      | Killed a kobold demonologist
  6503 | D:7      | Reached XP level 9. HP: 45/45 MP: 7/23
  6985 | D:7      | Reached skill level 5 in Stealth
  6985 | D:7      | Reached skill level 10 in Conjurations
  7157 | D:7      | Reached skill level 5 in Dodging
  7170 | D:7      | Offered knowledge of Scorch by Vehumet.
  7170 | D:7      | Reached ** piety under Vehumet
  7572 | D:7      | Found a basalt altar of Yredelemnul.
  8257 | D:8      | Noticed Erica
  8258 | D:8      | Found a staircase to the Lair.
  8258 | D:8      | Noticed Gastronok
  8470 | D:8      | Reached XP level 10. HP: 50/50 MP: 18/25
  8513 | D:8      | Reached skill level 11 in Conjurations
  8558 | D:8      | Reached skill level 5 in Translocations
  8574 | D:8      | Killed Erica
  8746 | Lair:1   | Entered Level 1 of the Lair of Beasts
  8966 | D:8      | Reached skill level 10 in Spellcasting
 10389 | D:9      | Offered knowledge of Stone Arrow by Vehumet.
 10394 | D:9      | Learned a level 3 spell: Stone Arrow
 10725 | D:9      | Reached *** piety under Vehumet
 10880 | D:9      | Found a staircase to the Orcish Mines.
 11039 | D:9      | Identified the +8 scale mail of Isas Vyo {rC++ Int+2}
 11204 | D:9      | Offered knowledge of Sticky Flame by Vehumet.
 11433 | D:9      | Reached skill level 1 in Earth Magic
 11712 | D:10     | Entered Level 10 of the Dungeon
 11718 | D:9      | Reached skill level 12 in Conjurations
 11780 | D:10     | Noticed a cyclops
 12508 | D:8      | Killed Gastronok
 12509 | D:8      | Reached XP level 11. HP: 54/54 MP: 15/27
 13597 | Lair:2   | Noticed a four-headed hydra
 13759 | Lair:2   | Slain by a four-headed hydra

Illustrated notes

Levels and vault maps discovered:
D:1:      dpeg_arrival_pits, layout_loops_ring,
          shapermc_ecumenical_altar_starsandcircs, hex_tiny
D:2:      layout_basic, serial_park_tiny_1, nicolae_underground_beach,
          uniq_natasha
D:3:      layout_rooms, mainiacjoe_overflow_paths
D:4:      layout_loops_ring, minmay_temple_entry_glassed_door,
          minmay_joined_circles
D:5:      layout_gridville, amcnicky_altar_gilded, serial_shops,
          nicolae_shop_behind_doors, uniq_blork_the_orc, uniq_ijyb
D:6:      layout_cave_pools, mainiacjoe_overflow_concentric_impassable
D:7:      layout_cave_pools, nicolae_yredelemnul_corpse_copse, enter_bailey_2
D:8:      layout_rooms, minmay_lair_entry_grove, uniq_erica, uniq_gastronok
D:9:      layout_loops_ring, zombieorc2_lemuel, david_defended_altar_orc
D:10:     layout_cave_pools
Temple:   regret_index_temple_chain_breaker
Lair:1:   layout_cave_pods, lightli_volcano_entry_magma_tube
Lair:2:   layout_roguey, minmay_shoals_entry_centaurs,
          guppyfry_snake_entry_garden, nicolae_quartered_pool_little

Skill      XL: |  1  2  3  4  5  6  7  8  9 10 11 |
---------------+----------------------------------+-----
Spellcasting   | 4 5 6 7 8 9 10 11 | 11.0
Conjurations   | 5 6 7 8 9 10 12 | 12.6
Hexes          | 1 2 3 4 5 |  5.1
Translocations | 1 3 4 5 |  5.7
Dodging        | 4 5 7 |  7.7
Stealth        | 4 6 8 |  8.4
Earth Magic    | 2 |  2.9

Action                   |  1- 3 |  4- 6 |  7- 9 | 10-12 || total
-------------------------+-------+-------+-------+-------++-------
 Cast: Magic Dart        |    58 |   104 |    85 |    68 ||   315
       Searing Ray       |     2 |    14 |    31 |    13 ||    60
       Fulminant Prism   |       |       |    32 |    54 ||    86
       Iskenderun's Myst |       |       |     3 |     4 ||     7
       Dazzling Flash    |       |       |     1 |     1 ||     2
       Stone Arrow       |       |       |       |    49 ||    49
Evoke: Wand              |       |       |     2 |       ||     2
       Phial of floods   |       |       |       |     1 ||     1
  Use: Scroll            |       |     2 |    11 |     8 ||    21
       Potion            |       |       |       |     2 ||     2
Armor: Robe              |     1 |     2 |    10 |     8 ||    21
Dodge: Dodged            |     6 |    12 |    46 |    26 ||    90
